 Dungeon Crawl Stone Soup version bcrawl-1.38.1 (webtiles) character file.

Game seed: 17376006752755103056

209915 Berahthraban the Purveyor of Pain (level 5, -10/35 HPs)
             Began as a Demonspawn Necromancer on Apr 12, 2023.
             Was an Initiate of Kikubaaqudgha.
             Mangled by an ogre
             ... wielding a +0 giant spiked club
              (26 damage)
             ... on level 3 of the Dungeon.
             The game lasted 00:15:18 (1689 turns).

Berahthraban the Purveyor of Pain (DsNe)            Turns: 1689, Time: 00:15:18

Health: -10/35     AC:  5    Str:  9    XL:     5   Next: 47%
Magic:  4/9        EV: 11    Int: 17    God:    Kikubaaqudgha [......]
Gold:   160        SH:  0    Dex: 13    Spells: 9/10 levels left

rFire    . . .     GDR:     25% a - +0 dagger (pain)
rCold    . . .     SeeInvis .   (no shield)
rNeg     . . .     Gourm    .   k - +0 leather armour
rPois    .         Faith    .   b - +0 hat
rElec    .         Spirit   .   f - +1 cloak
rCorr    .         Reflect  .   (no gloves)
MR       .....                  (no boots)
Stlth    +++.......             d - amulet of rage
HPRegen  0.15/turn              (no ring)
MPRegen  0.11/turn              (no ring)

@: lethally poisoned (-10 -> -12)
A: talons 1, nightstalker 1, powered by death 1
a: Renounce Religion, Evoke Berserk Rage


You were on level 3 of the Dungeon.
You worshipped Kikubaaqudgha.
Kikubaaqudgha was noncommittal.
You were very hungry.

You visited 1 branch of the dungeon, and saw 3 of its levels.

You collected 160 gold pieces.

Inventory:

Hand Weapons
 a - a +0 dagger of pain (weapon)
Armour
 b - a +0 hat (worn)
 f - a +1 cloak (worn)
 k - a +0 leather armour (worn)
Jewellery
 d - an amulet of rage (around neck)
Scrolls
 g - a scroll of teleportation
 j - a scroll of magic mapping
 l - a scroll of remove curse {unknown}
Potions
 c - 2 potions of mutation
 h - a potion of brilliance
 m - a potion of curing
Comestibles
 e - a ration {!d}


   Skills:
 + Level 2.8 Short Blades
 - Level 1.7 Dodging
 - Level 2.0 Stealth
 - Level 3.0 Spellcasting
 + Level 5.8 Necromancy


You had 9 spell levels left.
You knew the following spells:

 Your Spells              Type           Power        Failure   Level  Hunger
z - Necrotize             Necr           ###...       2%          1    None

Your spell library contained the following spells:

 Spells                   Type           Power        Failure   Level  Hunger
 Vampiric Draining        Necr           ###.......   7%          3    ####...
 Agony                    Necr           ###.....     22%         4    #####..
 Animate Dead             Necr           N/A          22%         4    #####..
 Dispel Undead            Necr           ###.....     52%         5    ######.


Dungeon Overview and Level Annotations

Branches:
Dungeon (3/12)

Altars:
Kikubaaqudgha

Annotations:
D:1 cleared
D:2 1 runed door, otherwise cleared


Innate Abilities, Weirdness & Mutations

You have sharp toenails.
You are slightly more attuned to the shadows.
You regenerate a little health from kills.


Message History

Press: ? - help, Shift-Dir - straight line, f/p - ogre
Aim: an ogre, wielding a +0 giant spiked club (lightly wounded, chance to defeat MR: 81%)
The ogre writhes in agony.
You hit the ogre.
The ogre is moderately wounded.
You feel sick.
The ogre hits you with a +0 giant spiked club!
No path to travel!
You are too injured to fight recklessly!
You are too injured to fight recklessly!
You are too injured to fight recklessly!
You are too injured to fight recklessly!
You hit the ogre.
The ogre writhes in agony.
Your kick misses the ogre.
The ogre is heavily wounded.
Your leather armour prevents you from hitting the ogre.
The ogre is heavily wounded.
The ogre hits you with a +0 giant spiked club!!
Ouch! That really hurt!
You die...
Kikubaaqudgha rasps: "You have failed me!
Welcome... death!"

##.#.#.#.#.#.#.######.##
#.⌠.#.⌠.#.⌠.#...#......#
'..#.#.#.#.#.⌠.⌠#.###..#
'.#.⌠.#.⌠.#..._.#.###..#
'..#.#.#.#.#.⌠.⌠#.##...#
#.⌠.#.⌠.#.⌠.#...#.##.#.#
##.#.#.#.#.#.#.##......#
##...#.⌠.#.⌠.###.##.###
######.#.#.##.@.##.#
##########O##.# #.##.#
.....# ...###. ###.# #.
..# ##.## ### #...#


You could see an ogre.

Vanquished Creatures
  3 vampire bats (D:3)
  2 adders (D:3)
  A worm (D:2)
  A dart slug (D:2)
  4 leopard geckos
  5 bats
  3 bat skeletons (D:3)
  3 bat zombies (D:3)
  3 goblins (D:1)
  5 hobgoblins
  5 jackals
  2 kobolds
  2 quokkas (D:2)
  2 frilled lizards
  5 rats
46 creatures vanquished.

Vanquished Creatures (collateral kills)
  A bat zombie (D:3)
  A jackal (D:1)
  A bat (D:1)
  A rat (D:1)
4 creatures vanquished.

Grand Total: 50 creatures vanquished

Notes
Turn   | Place    | Note
-------+----------+-------------------------------------------
     0 | D:1      | Berahthraban the Demonspawn Necromancer began the quest for
                  | the Orb.
     0 | D:1      | Reached XP level 1. HP: 13/13 MP: 3/3
    88 | D:1      | Gained mutation: You have sharp toenails. [demonic
                  | ancestry]
    88 | D:1      | Reached XP level 2. HP: 14/19 MP: 0/5
   208 | D:1      | Reached skill level 1 in Short Blades
   634 | D:1      | Gained mutation: You regenerate a little health from kills.
                  | [demonic ancestry]
   634 | D:1      | Reached XP level 3. HP: 24/24 MP: 4/6
   868 | D:2      | Found a runed door.
  1341 | D:2      | Found a faded altar of an unknown god.
  1400 | D:3      | Noticed an ogre
  1513 | D:3      | Reached skill level 5 in Necromancy
  1521 | D:3      | Found an ancient bone altar of Kikubaaqudgha.
  1553 | D:3      | Gained mutation: You are slightly more attuned to the
                  | shadows. [demonic ancestry]
  1553 | D:3      | Reached XP level 4. HP: 24/30 MP: 8/8
  1582 | D:3      | Reached XP level 5. HP: 23/35 MP: 9/9
  1606 | D:3      | Became a worshipper of Kikubaaqudgha
  1689 | D:3      | Mangled by an ogre

Skill      XL: |  1  2  3  4 |
---------------+-------------+-----
Short Blades   | 1 2 |  2.8
Necromancy     | 5 |  5.8
Spellcasting   | 3 |  3.0
Dodging        | |  1.7
Stealth        | |  2.0

Action                   |  1- 3 |  4- 6 || total
-------------------------+-------+-------++-------
Melee: Dagger            |    72 |    36 ||   108
       Kick              |     9 |     7 ||    16
 Cast: Necrotize         |    39 |     7 ||    46
  Use: Scroll            |     5 |       ||     5
 Stab: Sleeping          |     6 |     2 ||     8
  Eat: Chunk             |     4 |       ||     4
Armor: Robe              |     6 |       ||     6
       Leather armour    |    50 |    19 ||    69
Dodge: Dodged            |    74 |    22 ||    96
